Get step-by-step instructions on how to execute this build order below. Start the game timer, and the build order will tick by so you can play in parallel with StarCraft on a second screen or mobile device.

Game Time

  0:00

Last Step

  N/A

Next Step

  12  0:00  SCV  

Upcoming Step

  13  0:12  SCV  

Don't want to look back and forth between 2 screens? Try out our Overwolf App, the Spawning Tool Build Advisor to get an in-game overlay with this build!

Complete Build Order

  12  0:00  SCV  
  13  0:12  SCV  
  14  0:17  Supply Depot  
  14  0:24  SCV  
  15  0:38  SCV  
  15  0:40  Barracks  
  16  0:44  Refinery  
  16  0:50  SCV  
  16  0:52  Refinery  
  17  1:03  SCV  
  18  1:15  SCV  
  18  1:17  Supply Depot  
  19  1:27  Orbital Command, Reaper  
  20  1:40  Factory  
  20  1:53  SCV  
  21  2:04  Barracks Reactor  
  21  2:05  SCV  
  22  2:17  SCV  
  22  2:20  Command Center  
  23  2:27  Cyclone  
  23  2:29  SCV  
  26  2:41  SCV  
  26  2:42  Starport  
  27  2:48  Supply Depot  
  27  2:53  SCV  
  28  2:59  Widow Mine  
  28  3:03  Marine  
  28  3:04  Marine  
  31  3:09  SCV  
  31  3:21  Marine, Widow Mine  
  31  3:22  SCV, Marine  
  36  3:28  Medivac  
  36  3:32  Supply Depot  
  38  3:34  SCV  
  39  3:42  Factory Tech Lab  
  39  3:49  Barracks  
  39  3:53  SCV  
  39  3:55  Orbital Command  
  40  3:56  Marine x2  
  40  3:59  Starport Tech Lab  
  42  4:05  SCV  
  42  4:07  Siege Tank  
  46  4:18  Raven, SCV  
  46  4:21  SCV  
  50  4:28  Marine x2  
  50  4:29  Supply Depot  
  50  4:30  SCV  
  53  4:33  SCV  
  53  4:42  SCV  
  53  4:45  SCV  
  53  4:50  Barracks  
  53  4:54  SCV  
  53  4:57  SCV, Stimpack  
  55  5:01  Marine  
  55  5:02  Marine x2  
  55  5:06  SCV  
  59  5:08  Engineering Bay  
  59  5:09  SCV  
  60  5:18  SCV  
  60  5:19  Supply Depot, Starport Reactor  
  59  5:22  SCV, Marine x3  
  63  5:30  SCV  
  63  5:34  SCV  
  61  5:36  Terran Infantry Weapons Level 1  
  61  5:38  Command Center  
  61  5:42  SCV  
  62  5:45  Missile Turret x2  
  62  5:46  SCV  
  62  5:47  Refinery  
  62  5:48  Combat Shield  
  63  5:50  Factory Tech Lab  
  63  5:54  SCV  
  63  5:56  Refinery  
  64  5:58  SCV  
  64  5:59  Marine x3  
  64  6:02  Medivac  
  70  6:05  Medivac  
  70  6:10  SCV  
  73  6:12  Supply Depot  
  73  6:15  Siege Tank  
  73  6:16  Marine  
  73  6:17  Marine  
  78  6:23  Supply Depot  
  78  6:33  Marine x2  
  78  6:34  SCV x2  
  78  6:36  Barracks  
  82  6:40  Barracks  
  82  6:42  Medivac x2  
  82  6:46  SCV x2  
  88  6:49  Siege Tank  
  92  6:57  Marauder  
  92  6:58  SCV, Marauder  
  95  7:05  SCV  
  95  7:10  SCV, Marine x2  
  98  7:17  Supply Depot, SCV  
  98  7:19  Supply Depot  
  98  7:22  SCV  
  99  7:24  Marauder x2  
  99  7:26  Orbital Command  
  99  7:29  SCV  
  103  7:34  SCV  
  100  7:41  Siege Tank, SCV  
  100  7:42  Viking  
  106  7:44  Viking  
  106  7:46  SCV  
  106  7:50  Missile Turret  
  109  7:52  Terran Infantry Armor Level 1  
  109  7:53  SCV x2  
  109  7:57  Barracks Tech Lab, Barracks Reactor  
  111  7:58  SCV  
  111  8:04  Concussive Shells  
  112  8:05  SCV x2  
  112  8:09  Engineering Bay, Armory  
  112  8:10  SCV  
  115  8:14  Supply Depot  
  115  8:17  SCV x2  
  115  8:18  Siege Tank  
  120  8:20  Supply Depot  
  120  8:23  SCV  
  120  8:25  Viking x2  
  125  8:35  SCV, Marine x2, Marauder x2  
  125  8:37  Supply Depot  
  125  8:38  Supply Depot, Refinery  
  125  8:41  Marauder  
  109  8:48  Marine  
  109  8:49  Marine  
  105  8:55  SCV  
  105  8:56  SCV  
  105  8:57  Marauder x2  
  105  9:01  Terran Infantry Weapons Level 2  
  109  9:03  Marine x2  
  109  9:06  SCV  
  109  9:07  Command Center  
  109  9:08  SCV x2, Marine x2  
  116  9:14  Viking  
  117  9:19  SCV  
  117  9:20  SCV x2  
  117  9:24  Siege Tank  
  121  9:25  Marauder  
  121  9:31  SCV, Marine, Marauder  
  126  9:32  SCV  
  128  9:40  Viking  
  128  9:43  Viking  
  130  9:45  SCV x3  
  130  9:49  Terran Infantry Armor Level 2  
  130  9:50  Sensor Tower  
  131  9:55  Ghost Academy  
  131  10:02  Drilling Claws  
  131  10:03  Widow Mine  
  133  10:08  SCV x3  
  133  10:12  Marine x2, Marauder x3  
  133  10:13  Refinery  
  143  10:22  SCV x3  
  143  10:23  Marine x2  
  143  10:25  Widow Mine  
  150  10:32  Ghost x2  
  150  10:33  Ghost  
  150  10:34  Supply Depot  
  156  10:46  SCV  
  156  10:47  SCV  
  156  10:48  Supply Depot  
  156  10:49  Marine  
  158  10:50  Supply Depot, Marine  
  158  10:51  Widow Mine  
  158  10:52  Supply Depot  
  162  10:59  Planetary Fortress  
  162  11:01  Marine x2  
  162  11:02  Viking  
  162  11:03  Viking  
  168  11:05  SCV  
  168  11:06  SCV  
  168  11:07  SCV  
  171  11:12  Widow Mine  
  171  11:13  Ghost  
  171  11:17  SCV, Ghost  
  178  11:22  Terran Infantry Weapons Level 3  
  178  11:24  SCV x2  
  180  11:30  SCV  
  180  11:31  Missile Turret  
  181  11:33  Ghost  
  181  11:34  Medivac  
  181  11:36  SCV x2  
  186  11:45  Barracks  
  186  11:47  Barracks  
  186  11:48  Barracks  
  186  11:51  Marauder x2  
  186  11:52  Medivac  
  191  11:57  SCV, Starport  
  191  11:58  SCV x2, Factory Reactor  
  191  12:01  SCV  
  195  12:06  Missile Turret  
  195  12:09  Command Center  
  195  12:12  Missile Turret  
  195  12:18  Terran Infantry Armor Level 3  
  195  12:21  Marauder x2  
  199  12:23  Refinery  
  199  12:25  Refinery, Sensor Tower  
  199  12:26  Missile Turret  
  199  12:36  Barracks Tech Lab x2, Barracks Reactor  
  199  12:40  Terran Ship Weapons Level 1  
  199  12:43  Command Center  
  199  13:04  Medivac  
  200  13:12  Marauder  
  200  13:17  Marauder  
  200  13:18  Marauder  
  200  13:19  Marine x4  
  196  13:21  Marauder  
  196  13:22  Medivac  
  200  13:31  Marauder  
  200  13:32  Marine  
  200  13:40  Marine x3, Marauder x2  
  200  13:41  Marine x2  
  189  13:50  Marine, Marauder  
  189  13:51  Marauder  
  189  13:53  Marauder  
  182  13:56  Fusion Core, Command Center  
  182  13:58  Marine x5, Command Center, Medivac x2  
  182  13:59  Viking  
  182  14:00  Viking  
  195  14:03  Marauder  
  195  14:04  Marauder  
  195  14:09  Planetary Fortress  
  199  14:10  Orbital Command  
  182  14:24  Marauder x2  
  184  14:25  Marine x2  
  184  14:29  Marine  
  184  14:30  Marine x2  
  183  14:33  Marauder  
  183  14:37  Marine x3, Medivac x2  
  179  14:44  Ghost x2  
  179  14:45  Marine x2  
  179  14:47  Advanced Ballistics, Marine x2  
  179  14:52  Marine, Barracks  
  178  14:53  Ghost  
  178  14:54  Barracks x2  
  178  14:55  Marine x2, Ghost  
  184  15:02  Marine  
  184  15:03  Marine, Sensor Tower  
  184  15:05  Marine  
  185  15:13  Ghost x3  
  185  15:14  Marine x2  
  183  15:18  Marine  
  183  15:20  Marine x2  
  185  15:23  Marine, Marauder  
  185  15:24  Marauder  
  190  15:28  Medivac x2  
  190  15:31  Marine  
  191  15:39  Marine  
  191  15:41  Ghost  
  191  15:42  Marauder x2  
  188  15:43  Ghost  
  188  15:45  Ghost  
  188  15:49  Marine x3  
  194  15:50  Marine  
  194  15:51  Marine  
  195  15:59  Caduceus Reactor  
  195  16:03  Marauder x2  
  187  16:07  Orbital Command  
  187  16:09  Marine x2  
  187  16:10  Marine x2  
  187  16:11  Marauder  
  193  16:13  Marauder  
  193  16:14  Marauder  
  195  16:23  Marine  
  195  16:25  Barracks Tech Lab x2, Marauder x2  
  198  16:32  Marauder  
  200  16:37  Planetary Fortress  
  200  16:52  Command Center  
  196  16:55  Command Center  
  192  17:04  Marauder x2  
  192  17:06  Marauder x2  
  171  17:11  Marine x2, Marauder x2  
  169  17:16  Marine x3  
  169  17:17  Marauder  
  167  17:25  Marine  
  167  17:27  Marine  
  167  17:28  Barracks Tech Lab